| TOP OF THE 1ST |
|
Pulaski Yankees batting - Pitching for Oakland (APP) Athletics : RHP Jaime Sanchez
|
|
Pitching: RHP Jaime Sanchez
|
|
|
Batting: LHB Carlos Palau
|
0-0: Called Strike 0-1: Ground out 4-3 (Groundball, 4, EV 110.6 MPH)
|
|
Batting: LHB Justin Short
|
0-0: Ground out 6-3 (Groundball, 6, EV 97.5 MPH)
|
|
Batting: RHB Yasuoka Tsuda
|
0-0: Called Strike 0-1: Swinging Strike 0-2: Strikes out looking
|
| Top of the 1st over - 0 runs, 0 hits, 0 errors, 0 left on base; Pulaski 0 - Oakland (APP) 0 |
| BOTTOM OF THE 1ST |
|
Oakland (APP) Athletics batting - Pitching for Pulaski Yankees : LHP Alex Ramirez
|
|
Pitching: LHP Alex Ramirez
|
|
|
Batting: RHB Scott Lister
|
0-0: Called Strike 0-1: Foul Ball, location: 2F 0-2: Ball 1-2: Strikes out looking
|
|
Batting: RHB Gabe Secundino
|
0-0: Ball 1-0: Called Strike 1-1: Ball 2-1: Ball 3-1: Base on Balls
|
|
Batting: RHB Jason Dove
|
0-0: Ball 1-0: SINGLE (Line Drive, 7S, EV 108.1 MPH) Gabe Secundino to second
|
|
Batting: LHB Marcus Pollard
|
0-0: Called Strike 0-1: Fielders Choice at 2nd, 6-4 (Groundball, 6, EV 101.2 MPH) Gabe Secundino to third
|
|
Batting: RHB Rafael Alarcon
|
0-0: Ball 1-0: Ball 2-0: Ball 3-0: Called Strike Pickoff Throw by Catcher to First - Out!
|
| Bottom of the 1st over - 0 runs, 1 hit, 0 errors, 1 left on base; Pulaski 0 - Oakland (APP) 0 |
| TOP OF THE 2ND |
|
Pulaski Yankees batting - Pitching for Oakland (APP) Athletics : RHP Jaime Sanchez
|
|
Batting: LHB Troy Jones
|
0-0: Swinging Strike 0-1: Ball 1-1: Called Strike 1-2: Strikes out swinging
|
|
Batting: RHB Jon Campbell
|
0-0: Called Strike 0-1: Ball 1-1: Ball 2-1: Ball 3-1: Called Strike 3-2: Fly out, F8 (Flyball, 78D, EV 87.5 MPH)
|
|
Batting: SHB Jessie Neal
|
0-0: Ball 1-0: Called Strike 1-1: Ball 2-1: Called Strike 2-2: Ball 3-2: Ground out 4-3 (Groundball, 4, EV 91.9 MPH)
|
| Top of the 2nd over - 0 runs, 0 hits, 0 errors, 0 left on base; Pulaski 0 - Oakland (APP) 0 |
| BOTTOM OF THE 2ND |
|
Oakland (APP) Athletics batting - Pitching for Pulaski Yankees : LHP Alex Ramirez
|
|
Batting: RHB Rafael Alarcon
|
0-0: Swinging Strike 0-1: Ball 1-1: Called Strike 1-2: Strikes out swinging
|
|
Batting: RHB Ricardo Claros
|
0-0: Ball 1-0: Ball 2-0: Ball 3-0: Base on Balls
|
|
Batting: RHB Ryan Jennings
|
0-0: Ball 1-0: Ball 2-0: Ball 3-0: Called Strike 3-1: SINGLE (Groundball, 4MD, EV 98.1 MPH) Ricardo Claros to second
|
|
Batting: RHB Amare Brown
|
0-0: SINGLE (Groundball, 4MD, EV 103.1 MPH) Ricardo Claros to third Ryan Jennings to second
|
|
Batting: LHB Bill Helmer
|
0-0: Ball 1-0: Ball 2-0: Foul Ball, location: 2F 2-1: Foul Ball, location: 2F 2-2: Ball 3-2: Foul Ball, location: 2F 3-2: Fielders Choice at 2nd, 4-6 (Groundball, 34D, EV 104.4 MPH) Ricardo Claros scores Ryan Jennings to third
|
|
Batting: RHB Scott Lister
|
0-0: Ball 1-0: Ball 2-0: Called Strike 2-1: Foul Ball, location: 2F 2-2: Ground out 5-3 (Groundball, 56S, EV 90.0 MPH)
|
| Bottom of the 2nd over - 1 run, 2 hits, 0 errors, 2 left on base; Pulaski 0 - Oakland (APP) 1 |
| TOP OF THE 3RD |
|
Pulaski Yankees batting - Pitching for Oakland (APP) Athletics : RHP Jaime Sanchez
|
|
Batting: RHB Victor Garcia
|
0-0: Ball 1-0: Called Strike 1-1: Foul Ball, location: 2F 1-2: Ground out U3 (Groundball, 3, EV 109.4 MPH)
|
|
Batting: RHB Edwin Sierra
|
0-0: Called Strike 0-1: Foul Ball, location: 2F 0-2: Strikes out looking
|
|
Batting: RHB Mustafa bin Gamali
|
0-0: Called Strike 0-1: SINGLE (Groundball, 34D, EV 107.5 MPH)
|
|
Batting: LHB Carlos Palau
|
0-0: Fly out, F8 (Flyball, 8LD, EV 101.9 MPH)
|
| Top of the 3rd over - 0 runs, 1 hit, 0 errors, 1 left on base; Pulaski 0 - Oakland (APP) 1 |
| BOTTOM OF THE 3RD |
|
Oakland (APP) Athletics batting - Pitching for Pulaski Yankees : LHP Alex Ramirez
|
|
Batting: RHB Gabe Secundino
|
0-0: Ball 1-0: Fly out, F8 (Flyball, 8LM, EV 72.5 MPH)
|
|
Batting: RHB Jason Dove
|
0-0: Ball 1-0: Ball 2-0: Ground out U3 (Groundball, 34S, EV 88.1 MPH)
|
|
Batting: LHB Marcus Pollard
|
0-0: Called Strike 0-1: Swinging Strike 0-2: Foul Ball, location: 2F 0-2: Ground out U3 (Groundball, 3, EV 100.0 MPH)
|
| Bottom of the 3rd over - 0 runs, 0 hits, 0 errors, 0 left on base; Pulaski 0 - Oakland (APP) 1 |
| TOP OF THE 4TH |
|
Pulaski Yankees batting - Pitching for Oakland (APP) Athletics : RHP Jaime Sanchez
|
|
Batting: LHB Justin Short
|
0-0: Ball 1-0: Swinging Strike 1-1: Ball 2-1: Swinging Strike 2-2: Strikes out swinging
|
|
Batting: RHB Yasuoka Tsuda
|
0-0: Ball 1-0: Ball 2-0: Ball 3-0: Called Strike 3-1: SINGLE (Line Drive, 7LM, EV 97.5 MPH)
|
|
Batting: LHB Troy Jones
|
0-0: Ball 1-0: Called Strike 1-1: Foul Ball, location: 2F 1-2: SINGLE (Groundball, 25, EV 71.2 MPH) (infield hit) Yasuoka Tsuda to second
|
|
Batting: RHB Jon Campbell
|
0-0: Foul Ball, location: 2F 0-1: Grounds into double play, 6-4-3 (Groundball, 6, EV 83.8 MPH)
|
| Top of the 4th over - 0 runs, 2 hits, 0 errors, 1 left on base; Pulaski 0 - Oakland (APP) 1 |
| BOTTOM OF THE 4TH |
|
Oakland (APP) Athletics batting - Pitching for Pulaski Yankees : LHP Alex Ramirez
|
|
Batting: RHB Rafael Alarcon
|
0-0: Swinging Strike 0-1: Ball 1-1: DOUBLE (Flyball, 78D, EV 96.9 MPH)
|
|
Batting: RHB Ricardo Claros
|
0-0: Foul Ball, location: 2F 0-1: Foul Ball, location: 2F 0-2: Ball 1-2: Ground out 6-3 (Groundball, 6, EV 96.2 MPH)
|
|
Batting: RHB Ryan Jennings
|
0-0: Ball 1-0: Ball 2-0: Ball 3-0: Base on Balls
|
|
Batting: RHB Amare Brown
|
0-0: Called Strike 0-1: Fielders Choice at 2nd, 4-6 (Groundball, P, EV 93.8 MPH) Rafael Alarcon to third
|
|
Batting: LHB Bill Helmer
|
0-0: Ball 1-0: Ball 2-0: Ball 3-0: Base on Balls Amare Brown to second
|
|
Batting: RHB Scott Lister
|
0-0: Called Strike 0-1: Ball 1-1: Called Strike 1-2: Fielders Choice at 2nd, U6 (Groundball, 6M, EV 103.8 MPH)
|
| Bottom of the 4th over - 0 runs, 1 hit, 0 errors, 3 left on base; Pulaski 0 - Oakland (APP) 1 |
| TOP OF THE 5TH |
|
Pulaski Yankees batting - Pitching for Oakland (APP) Athletics : RHP Jaime Sanchez
|
|
Batting: SHB Jessie Neal
|
0-0: Called Strike 0-1: Foul Ball, location: 2F 0-2: Strikes out looking
|
|
Batting: RHB Victor Garcia
|
0-0: Called Strike 0-1: Called Strike 0-2: Ball 1-2: Ball 2-2: Ball 3-2: Base on Balls
|
|
Batting: RHB Edwin Sierra
|
0-0: Called Strike 0-1: Ball 1-1: Fielders Choice at 2nd, 1-4 (Groundball, 25, EV 70.0 MPH)
|
|
Batting: RHB Mustafa bin Gamali
|
0-0: Called Strike 0-1: Hit by Pitch Edwin Sierra to second
|
|
Batting: LHB Carlos Palau
|
0-0: Swinging Strike 0-1: Ball 1-1: Ball 2-1: Swinging Strike 2-2: Foul Ball, location: 2F 2-2: Strikes out looking
|
| Top of the 5th over - 0 runs, 0 hits, 0 errors, 2 left on base; Pulaski 0 - Oakland (APP) 1 |
| BOTTOM OF THE 5TH |
|
Oakland (APP) Athletics batting - Pitching for Pulaski Yankees : LHP Alex Ramirez
|
|
Batting: RHB Gabe Secundino
|
0-0: Ground out 1-3 (Groundball, 23, EV 66.2 MPH)
|
|
Batting: RHB Jason Dove
|
0-0: Called Strike 0-1: Foul Ball, location: 2F 0-2: Fly out, F7 (Flyball, 78S, EV 75.6 MPH)
|
|
Pitching: RHP Chris Bryant
|
|
|
Batting: LHB Marcus Pollard
|
0-0: Foul Ball, location: 2F 0-1: Called Strike 0-2: Foul Ball, location: 2F 0-2: Ball 1-2: Fly out, F9 (Flyball, 9LS, EV 88.1 MPH)
|
| Bottom of the 5th over - 0 runs, 0 hits, 0 errors, 0 left on base; Pulaski 0 - Oakland (APP) 1 |
| TOP OF THE 6TH |
|
Pulaski Yankees batting - Pitching for Oakland (APP) Athletics : RHP Jaime Sanchez
|
|
Batting: LHB Justin Short
|
0-0: Ball 1-0: Ball 2-0: Ball 3-0: Base on Balls
|
|
Batting: RHB Yasuoka Tsuda
|
0-0: Ball 1-0: Ball 2-0: Ball 3-0: Called Strike 3-1: Base on Balls Justin Short to second
|
|
Batting: LHB Troy Jones
|
0-0: Ball 1-0: Ball 2-0: Foul Ball, location: 2F 2-1: Ball 3-1: Foul Ball, location: 2F 3-2: Strikes out looking
|
|
Batting: RHB Jon Campbell
|
0-0: Ball 1-0: Called Strike 1-1: Fielders Choice at 2nd, 6-4 (Groundball, 6, EV 83.1 MPH) Justin Short to third
|
|
Batting: SHB Jessie Neal
|
0-0: Called Strike 0-1: Fly out, F3 (Line Drive, 3L, EV 68.1 MPH)
|
| Top of the 6th over - 0 runs, 0 hits, 0 errors, 2 left on base; Pulaski 0 - Oakland (APP) 1 |
| BOTTOM OF THE 6TH |
|
Oakland (APP) Athletics batting - Pitching for Pulaski Yankees : RHP Chris Bryant
|
|
Batting: RHB Rafael Alarcon
|
0-0: Called Strike 0-1: Called Strike 0-2: Ball 1-2: SINGLE (Groundball, 56D, EV 101.9 MPH)
|
|
Batting: RHB Ricardo Claros
|
0-0: Ball 1-0: Ball 2-0: Ball 3-0: Called Strike 3-1: Called Strike 3-2: Base on Balls Rafael Alarcon to second
|
|
Batting: RHB Ryan Jennings
|
0-0: Called Strike 0-1: Foul Ball, location: 2F 0-2: Grounds into double play, 6-4-3 (Groundball, 6S, EV 84.4 MPH) Rafael Alarcon to third
|
|
Batting: RHB Amare Brown
|
0-0: Ball 1-0: Called Strike 1-1: Ball 2-1: Called Strike 2-2: Ball 3-2: Ground out 5-3 (Groundball, 56, EV 101.9 MPH)
|
| Bottom of the 6th over - 0 runs, 1 hit, 0 errors, 1 left on base; Pulaski 0 - Oakland (APP) 1 |
| TOP OF THE 7TH |
|
Pulaski Yankees batting - Pitching for Oakland (APP) Athletics : RHP Jaime Sanchez
|
|
Batting: RHB Victor Garcia
|
0-0: Called Strike 0-1: Foul Ball, location: 2F 0-2: Ball 1-2: Strikes out looking
|
|
Batting: RHB Edwin Sierra
|
0-0: Called Strike 0-1: Ball 1-1: Swinging Strike 1-2: Ball 2-2: Ball 3-2: DOUBLE (Line Drive, 8RD, EV 105.0 MPH)
|
|
Batting: RHB Mustafa bin Gamali
|
0-0: Ball 1-0: Foul Ball, location: 2F 1-1: Called Strike 1-2: Strikes out swinging
|
|
Batting: LHB Carlos Palau
|
0-0: Called Strike 0-1: Swinging Strike 0-2: Strikes out swinging
|
| Top of the 7th over - 0 runs, 1 hit, 0 errors, 1 left on base; Pulaski 0 - Oakland (APP) 1 |
| BOTTOM OF THE 7TH |
|
Oakland (APP) Athletics batting - Pitching for Pulaski Yankees : RHP Chris Bryant
|
|
Batting: LHB Bill Helmer
|
0-0: Foul Ball, location: 2F 0-1: Ball 1-1: Foul Ball, location: 2F 1-2: Ball 2-2: Fly out, F3 (Line Drive, 3, EV 70.6 MPH)
|
|
Batting: RHB Scott Lister
|
0-0: Ball 1-0: Ball 2-0: Called Strike 2-1: Ball 3-1: Base on Balls
|
|
Pitching: LHP Matt Cusatis
|
|
|
Batting: RHB Gabe Secundino
|
0-0: Ball Scott Lister steals 2nd base (no throw) 1-0: Foul Ball, location: 2F 1-1: Ball 2-1: Ball 3-1: Swinging Strike 3-2: Strikes out swinging
|
|
Batting: RHB Jason Dove
|
0-0: Foul Ball, location: 2F 0-1: Swinging Strike 0-2: Ball 1-2: Foul Ball, location: 2F 1-2: Ball 2-2: Ball 3-2: Ground out 5-3 (Groundball, 56S, EV 86.9 MPH)
|
| Bottom of the 7th over - 0 runs, 0 hits, 0 errors, 1 left on base; Pulaski 0 - Oakland (APP) 1 |
| TOP OF THE 8TH |
|
Pulaski Yankees batting - Pitching for Oakland (APP) Athletics : RHP Jaime Sanchez
|
|
Batting: LHB Justin Short
|
0-0: Called Strike 0-1: Ball 1-1: Swinging Strike 1-2: Strikes out swinging
|
|
Pitching: RHP Andy Teague
|
|
|
Batting: RHB Yasuoka Tsuda
|
0-0: Ball 1-0: Called Strike 1-1: Foul Ball, location: 2F 1-2: Foul Ball, location: 2F 1-2: Strikes out swinging
|
|
Batting: LHB Troy Jones
|
0-0: Called Strike 0-1: SINGLE (Groundball, 34D, EV 101.9 MPH)
|
|
Batting: RHB Jon Campbell
|
0-0: Ball Wild Pitch! Troy Jones to second 1-0: Ground out 5-3 (Groundball, 56, EV 105.6 MPH)
|
| Top of the 8th over - 0 runs, 1 hit, 0 errors, 1 left on base; Pulaski 0 - Oakland (APP) 1 |
| BOTTOM OF THE 8TH |
|
Oakland (APP) Athletics batting - Pitching for Pulaski Yankees : LHP Matt Cusatis
|
|
Batting: LHB Marcus Pollard
|
0-0: Called Strike 0-1: Ball 1-1: Foul Ball, location: 2F 1-2: Foul Ball, location: 2F 1-2: Ball 2-2: Foul Ball, location: 2F 2-2: Ball 3-2: Ground out 5-3 (Groundball, 56, EV 81.2 MPH)
|
|
Batting: RHB Rafael Alarcon
|
0-0: Foul Ball, location: 2F 0-1: Swinging Strike 0-2: Ball 1-2: Strikes out swinging
|
|
Batting: RHB Ricardo Claros
|
0-0: Called Strike 0-1: Swinging Strike 0-2: Ball 1-2: Strikes out swinging
|
| Bottom of the 8th over - 0 runs, 0 hits, 0 errors, 0 left on base; Pulaski 0 - Oakland (APP) 1 |
| TOP OF THE 9TH |
|
Pulaski Yankees batting - Pitching for Oakland (APP) Athletics : RHP Andy Teague
|
|
Pitching: RHP Jason Palmer
|
|
|
Batting: SHB Jessie Neal
|
0-0: Foul Ball, location: 2F 0-1: Foul Ball, location: 2F 0-2: Foul Ball, location: 2F 0-2: Strikes out swinging
|
|
Batting: RHB Victor Garcia
|
0-0: Called Strike 0-1: Foul Ball, location: 2F 0-2: Ball 1-2: Foul Ball, location: 2F 1-2: Strikes out looking
|
|
Batting: RHB Edwin Sierra
|
0-0: Called Strike 0-1: Foul Ball, location: 2F 0-2: Strikes out looking
|
| Top of the 9th over - 0 runs, 0 hits, 0 errors, 0 left on base; Pulaski 0 - Oakland (APP) 1 |
|